 Dungeon Crawl Stone Soup version 0.28-a0-834-g1a73be5ee4 (webtiles) character file.

Game seed: 14750705610110651721

51 vurker the Gusty (level 3, 15/15 HPs)
             Began as a Felid Air Elementalist on Nov 11, 2021.
             Quit the game on level 3 of the Dungeon.
             The game lasted 00:02:59 (3019 turns).

vurker the Gusty (Felid Air Elementalist)           Turns: 3019, Time: 00:02:59

Health: 15/15      AC:  1    Str:  4    XL:     3   Next: 57%
Magic:  8/8        EV: 17    Int: 17    God:
Gold:   41         SH:  0    Dex: 16    Spells: 7/8 levels left
                                        Lives:  0   Deaths: 1

rFire   . . .      SeeInvis +   (weapon unavailable)
rCold   . . .      Faith    .   (shield unavailable)
rNeg    . . .      Spirit   .   (armour unavailable)
rPois   .          Reflect  .   (helmet unavailable)
rElec   .          Harm     .   (cloak unavailable)
rCorr   .          Rampage  .   (gloves unavailable)
Will    .....                   (boots unavailable)
Stlth   ++........              b - amulet of the acrobat
HPRegen 0.05/turn               (no ring)
MPRegen 0.11/turn               (no ring)

@: quick
A: very small, claws 1, fangs 3, see invisible, speed 1, shaggy fur 1, stealthy
paws, no weapons or thrown items, no armour, multi-lived
a: no special abilities


You were on level 3 of the Dungeon.
You visited 1 branch of the dungeon, and saw 3 of its levels.

You collected 41 gold pieces.

Inventory:

Jewellery
 b - an amulet of the acrobat (around neck)
   (You found it on level 1 of the Dungeon)
Scrolls
 e - a scroll of teleportation {unknown}
 f - a scroll of enchant weapon {unknown}
 g - 2 scrolls of identify {unknown}
Potions
 a - a potion of degeneration {unknown}
 c - a potion of curing {unknown}
 d - a potion of might {unknown}
 h - a potion of cancellation {unknown}


   Skills:
 + Level 1.5 Fighting
 - Level 2.6 Dodging
 - Level 2.6 Stealth
 * Level 3.0 Spellcasting
 + Level 1.7 Conjurations
 * Level 3.5 Air Magic


You had 7 spell levels left.
You knew the following spells:

 Your Spells              Type           Power      Damage    Failure   Level
a - Shock                 Conj/Air       44%        1d5       6%          1

Your spell library contained the following spells:

 Spells                   Type           Power      Damage    Failure   Level
 Static Discharge         Conj/Air       11%        N/A       9%          2
 Foxfire                  Conj/Fire      20%        2x1d5     12%         1
 Swiftness                Air            14%        N/A       12%         3
 Conjure Flame            Conj/Fire      5%         6-21      36%         3
 Airstrike                Air            7%         N/A       38%         4
 Inner Flame              Hex/Fire       2%         N/A       45%         3
 Flame Wave               Conj/Fire      5%         3d4       77%         4
 Borgnjor's Revivificati  Necr           1%         N/A       100%        8
 Necromutation            Tmut/Necr      1%         N/A       100%        8
 Death's Door             Necr           1%         N/A       100%        9


Dungeon Overview and Level Annotations

Branches:
Dungeon (3/15)

Altars:
Kikubaaqudgha
Uskayaw

Annotations:
D:3 3 runed translucent doors, Grinder; sn0wgr3's ghost, amateur MiFi


Innate Abilities, Weirdness & Mutations

You have sharp claws.
You have razor-sharp teeth.
You have supernaturally acute eyesight. (SInv)
You cover ground quickly. (Speed+)
You are covered in fur. (AC +1)
Your paws help you pounce on unaware monsters.
You are incapable of wielding weapons or throwing items.
You cannot wear armour.
You gain extra lives every three experience levels.


Message History

The jackal barks!
A jackal comes into view. x2
Grinder blinks!
Aim: a jackal (almost dead, 60% to hit)
The zap hits the jackal.
You kill the jackal!
The zap hits the jackal.
The jackal barks! x2
A jackal comes into view.
Aim: a jackal (60% to hit)
The zap hits the jackal.
The jackal barks!
Grinder gestures at you.
You suddenly lose the ability to move!
The jackal bites you.
Your magical contamination has completely faded away.
The jackal bites you but does no damage.
The jackal bites you. The jackal barely misses you. The jackal bites you. x2
The jackal bites you but does no damage.
The jackal bites you.
* * * LOW HITPOINT WARNING * * *
The jackal bites you but does no damage.
The jackal barely misses you.
You can move again.
Unknown command.
The jackal completely misses you. x2; The jackal barely misses you.
Grinder blinks!
Aim: a jackal (translocational energy, moderately wounded, 60% to hit)
The zap hits the jackal.
You kill the jackal!
The zap hits the jackal.
You kill the jackal!
Grinder closely misses you.
You scratch the jackal but do no damage.
The jackal closely misses you. Grinder gestures at you.
Pain shoots through your body!
* * * LOW HITPOINT WARNING * * *
The jackal barely misses you.
Aim: a jackal (60% to hit)
The zap misses the jackal.
Grinder gestures at you. You resist with some effort.
The jackal barely misses you.
Aim: a jackal (60% to hit)
The zap hits the jackal.
The jackal misses you. Grinder hits you!
Ouch! That really hurt!
You die...
You writhe in agony.
The jackal closely misses you.
You are now level 3!
You rejoin the land of the living...

#.##.................#.#.#
#.##..###.##.#.#.##.......
#.##..# #.##.#.#..#..#.#.#
#.##..# #.## #....#..#.#.#
..##..# #.# ###.##..#.#.#
####... ... #.#...#.#..
.... #.# #.##.##.###
#######.# #.......#
.......@# #.##. ###
######### #.# #.#


There were no monsters in sight!

Vanquished Creatures
  Jessica (D:3)
  Terence (D:3)
  A dart slug (D:1)
  2 ball pythons
  3 endoplasms
  4 giant cockroaches
  2 goblins (D:2)
  3 hobgoblins
  14 jackals
  2 kobolds
  6 bats
  2 frilled lizards (D:1)
  8 rats
49 creatures vanquished.

Notes
Turn   | Place    | Note
-------+----------+-------------------------------------------
     0 | D:1      | vurker the Felid Air Elementalist began the quest for the
                  | Orb.
     0 | D:1      | Reached XP level 1. HP: 7/7 MP: 4/4
   189 | D:1      | Reached skill level 1 in Conjurations
   314 | D:1      | Found a faded altar of an unknown god.
   323 | D:1      | Reached XP level 2. HP: 12/12 MP: 3/6
  1226 | D:1      | Reached XP level 3. HP: 15/15 MP: 1/7
  1532 | D:2      | Reached skill level 1 in Fighting
  2110 | D:2      | Found a hide-covered altar of Uskayaw.
  2257 | D:3      | Noticed Terence
  2321 | D:3      | Killed Terence
  2322 | D:3      | Reached XP level 4. HP: 13/19 MP: 0/9
  2456 | D:3      | Noticed Jessica
  2468 | D:3      | Killed Jessica
  2865 | D:3      | Found a runed translucent gate.
  2865 | D:3      | Found a runed translucent gate.
  2866 | D:3      | Found a runed translucent gate.
  2868 | D:3      | Noticed sn0wgr3's ghost (amateur MiFi)
  2946 | D:3      | Found an ancient bone altar of Kikubaaqudgha.
  2979 | D:3      | Noticed Grinder
  3005 | D:3      | Paralysed by Grinder for 7 turns
  3018 | D:3      | Slain by Grinder
  3019 | D:3      | Reached XP level 3. HP: -2/15 MP: 3/8
  3019 | D:3      | Quit the game

Illustrated notes

Levels and vault maps discovered:
D:1:      dpeg_arrival_rooms_c, layout_loops_corners, basic_ecumenical_altar
D:2:      layout_loops_cross, basic_altar
D:3:      minmay_chambers_of_threes, layout_basic, kiku_gazebo_pond_becter,
          ebering_ghost_rock_garden, uniq_terence, uniq_grinder, uniq_jessica

Skill      XL: |  1  2  3  4 |
---------------+-------------+-----
Conjurations   | 1 |  1.7
Air Magic      | 3 |  3.5
Fighting       | 1 |  1.5
Spellcasting   | 3 |  3.0
Dodging        | |  2.6
Stealth        | |  2.6

Action                   |  1- 3 |  4- 6 || total
-------------------------+-------+-------++-------
Melee: Unarmed           |    10 |     1 ||    11
 Cast: Shock             |    87 |    16 ||   103
Armor: Skin              |       |     3 ||     3
Dodge: Dodged            |    15 |    11 ||    26

Table legend: (Time is in decaauts)
 A = Elapsed time spent in this place.
 B = Non-inter-level travel time spent in this place.
 C = Inter-level travel time spent in this place.
 D = Time resting spent in this place.
 E = Time spent auto-exploring this place.
 F = Levels seen in this place.
 G = Mean time per level.
                   A        B        C        D        E       F      G
               +--------+--------+--------+--------+--------+-----+--------+
         Total |   2684 |   2660 |     24 |      0 |   2364 |   3 |  894.7 |
       Dungeon |   2684 |   2660 |     24 |      0 |   2364 |   3 |  894.7 |
               +--------+--------+--------+--------+--------+-----+--------+

Top non-repeatable levels by time:
     D:1: 1346 daAuts
     D:3: 686 daAuts
     D:2: 652 daAuts
